 Dungeon Crawl Stone Soup version 0.27-a0-249-g74f53ef629 (webtiles) character file.

Game seed: 3275793814869228295

583 namelastname112 the Shooter (level 7, -3/90 HPs)
             Began as a White Draconian Hunter on Feb 3, 2021.
             Slain by Duvessa
             ... wielding a +5 rapier of electrocution
              (17 damage)
             ... on level 4 of the Dungeon.
             The game lasted 00:04:52 (3959 turns).

namelastname112 the Shooter (DrHu)                  Turns: 3959, Time: 00:04:53

Health: -3/90      AC: 23    Str: 14    XL:     7   Next: 14%
Magic:  16/16      EV:  2    Int: 11    God:
Gold:   161        SH:  0    Dex: 14    Spells: 6/6 levels left

rFire    . . .     SeeInvis .   (no weapon)
rCold    . . .     Faith    .   (no shield)
rNeg     + + +     Spirit   .   (armour unavailable)
rPois    +         Reflect  .   (helmet currently unavailable)
rElec    .         Harm     .   (cloak currently unavailable)
rCorr    .         Rampage  .   (gloves currently unavailable)
Will     .....     NoTele   +   (boots currently unavailable)
Stlth    ++........             (no amulet)
HPRegen  0.25/turn              t - ring of magical power
MPRegen  0.15/turn              (no ring)

@: short of breath, tree-form
A: (breathe frost), unfitting armour, AC +6
a: no special abilities


You were on level 4 of the Dungeon.
You were a tree.
You visited 1 branch of the dungeon, and saw 4 of its levels.

You collected 161 gold pieces.

Inventory:

Hand Weapons
 a - a +1 shortbow
 b - a +4 quarterstaff of chaos
 q - a +0 short sword
 u - a +1 dagger of speed
Missiles
 c - 25 arrows
Armour
 r - a +0 cloak (melded)
Jewellery
 t - a ring of magical power (left branch)
Wands
 v - a wand of digging (8)
Scrolls
 d - 3 scrolls of magic mapping {unknown}
 e - a scroll of enchant weapon {unknown}
 g - 2 scrolls of enchant armour {unknown}
 h - 7 scrolls of identify {unknown}
 k - a scroll of fog {unknown}
 l - 2 scrolls of teleportation {unknown}
 w - a scroll of remove curse {unknown}
 x - a scroll of amnesia {unknown}
Potions
 f - a potion of haste {unknown}
 j - a potion of cancellation {unknown}
 m - a potion of lignification
 n - 2 potions of flight {unknown}
 o - a potion of attraction {unknown}
 p - a potion of heal wounds


   Skills:
 + Level 4.5 Fighting
 + Level 1.3 Staves
 * Level 6.1 Bows
 + Level 3.7 Dodging
 - Level 0.8 Stealth


You had 6 spell levels left.
You didn't know any spells.
Your spell library was empty.

Dungeon Overview and Level Annotations

Branches:
Dungeon (4/15)             Temple (0/1) D:4

Altars:
Okawaru
Uskayaw
Wu Jian

Annotations:
D:4 Dowan, Duvessa


Innate Abilities, Weirdness & Mutations

((You can breathe waves of freezing cold.))
((You can buffet flying creatures when you breathe cold.))
((Your icy white scales are hard. (AC +6)))
You cannot fit into any form of body armour.
((Your flesh is cold resistant. (rC+)))
((You are cold-blooded and may be slowed by cold attacks.))


Message History

You are electrocuted!!! * * * don't die
* * * Duvessa says, "Where magic fails, the sword succeeds!!!"
Duvessa hits you with a +5 rapier of electrocution!!! * * * don't die
* * * You take 28 damage, and have 10/60 hp!
MASSIVE DAMAGE!!!!!!
You feel better!
You feel less invigorated! Duvessa barely misses you!
You regained 11 hp, and now have 21/60 hp!
It was a potion of lignification!
You turn into a tree!
Your +0 cloak melds into your body!
Your roots penetrate the ground!
Duvessa hits you but does no damage! x2; You are electrocuted!!! * * * don't die
* * * You now have 17/90 hp!
You are now empty-handed!
You thrash Duvessa!
Duvessa is moderately wounded!
Duvessa hits you with a +5 rapier of electrocution! * * * don't die
* * * You are electrocuted!!! rip

#......#.......#.#.#.######)
.....$....._.......#.# #)
.......#.......#...#.######.
.###...#.......#.#.#..#.....
#(.(##.....##............
#...####.####.#.#........
#....................###.
#......#e#.#.#..#........
(../...#♣#......#........
.#....e........#.....###
#...##.#....[.#.....### ....
.................. .#..
.........#.....### #
####.#.#..#........
..................
######.#........### #.
..................


You could see Duvessa (fast) and Dowan.

Vanquished Creatures
  An ogre (D:3)
  A lemure (D:3)
  A phantom (D:4)
  An orc priest (D:3)
  Crazy Yiuf (D:2)
  Jessica (D:2)
  Ijyb (D:3)
  2 orc wizards (D:3)
  2 worker ants (D:4)
  6 adders
  2 oozes
  3 worms
  6 leopard geckos
  7 orcs
  A ball python (D:3)
  3 giant cockroaches (D:1)
  5 goblins
  6 hobgoblins
  2 jackals (D:4)
  8 kobolds
  9 bats
  3 frilled lizards
  6 rats
78 creatures vanquished.

Notes
Turn   | Place    | Note
-------+----------+-------------------------------------------
     0 | D:1      | namelastname112 the Draconian Hunter began the quest for
                  | the Orb.
     0 | D:1      | Reached XP level 1. HP: 17/17 MP: 1/1
    49 | D:1      | Reached XP level 2. HP: 6/25 MP: 2/2
   528 | D:1      | Reached skill level 4 in Bows
   974 | D:1      | Reached XP level 3. HP: 30/30 MP: 3/3
  1182 | D:2      | Noticed Jessica
  1193 | D:2      | Killed Jessica
  1369 | D:2      | Found a hide-covered altar of Uskayaw.
  1445 | D:2      | Reached XP level 4. HP: 38/38 MP: 4/4
  1627 | D:2      | Found an iron altar of Okawaru.
  2115 | D:2      | Found a runed translucent door.
  2116 | D:2      | Noticed Crazy Yiuf
  2330 | D:2      | Killed Crazy Yiuf
  2560 | D:3      | Reached XP level 5. HP: 45/45 MP: 5/5
  2755 | D:3      | Noticed Grinder
  2756 | D:3      | Reached skill level 5 in Bows
  2767 | D:3      | Noticed Grinder
  2767 | D:3      | Grinder changed into Grinder the lemure
  2776 | D:3      | Killed Grinder the lemure
  2946 | D:3      | Noticed Ijyb
  2970 | D:3      | Killed Ijyb
  2971 | D:3      | Reached XP level 6. HP: 43/52 MP: 6/6
  3563 | D:4      | Reached skill level 1 in Staves
  3563 | D:4      | Reached skill level 6 in Bows
  3563 | D:4      | Your scales start taking on an icy white colour.
  3563 | D:4      | Reached XP level 7. HP: 60/60 MP: 7/7
  3563 | D:4      | Gained mutation: Your flesh is cold resistant. (rC+) [White
                  | Draconian growth]
  3886 | D:4      | Found a staircase to the Ecumenical Temple.
  3923 | D:4      | Found an ornate altar of the Wu Jian Council.
  3937 | D:4      | Noticed Duvessa
  3939 | D:4      | Noticed Dowan
  3959 | D:4      | Slain by Duvessa

Illustrated notes

Levels and vault maps discovered:
D:1:      dpeg_arrival_signposts, layout_rooms, st_stairs_1, minivault_4,
          grunt_decor_junction
D:2:      layout_basic, eat_drink_and_be_merry_uskayaw, okawaru_metal_pillars_3,
          serial_forest, infiniplex_forest_side_room,
          infiniplex_forest_straight_4, infiniplex_forest_clump_C,
          infiniplex_forest_zigzag_1, infiniplex_forest_corner_2,
          infiniplex_forest_clump_double, infiniplex_forest_clump_double,
          uniq_jessica, uniq_crazy_yiuf_cottage
D:3:      layout_loops_cross, minmay_misc_feat_enclosed, uniq_grinder, uniq_ijyb
D:4:      layout_basic, lemuel_doored_altar, grunt_qazlal_clouds,
          old_standard_altar, vehumet_altar_wand_db, minmay_temple_entry_trees,
          uniq_duvessa

Skill      XL: |  1  2  3  4  5  6 |
---------------+-------------------+-----
Dodging        | 2 3 |  3.7
Bows           | 4 5 6 |  6.1
Fighting       | 3 4 |  4.5
Staves         | 1 |  1.3
Stealth        | |  0.8

Action                   |  1- 3 |  4- 6 |  7- 9 || total
-------------------------+-------+-------+-------++-------
Melee: Short sword       |    94 |    31 |       ||   125
       Tailslap          |     8 |    18 |     5 ||    31
       Quarterstaff      |       |   101 |    23 ||   124
       Unarmed           |       |       |     1 ||     1
 Fire: Shortbow          |     5 |    12 |     5 ||    22
 Abil: Breathe Frost     |       |       |     1 ||     1
  Use: Potion            |       |       |     4 ||     4
 Stab: Sleeping          |     2 |     1 |     1 ||     4
       Paralysed         |       |       |     1 ||     1
Armor: Skin              |    43 |    29 |     7 ||    79
Dodge: Dodged            |    74 |    85 |    16 ||   175

Table legend: (Time is in decaauts)
 A = Elapsed time spent in this place.
 B = Non-inter-level travel time spent in this place.
 C = Inter-level travel time spent in this place.
 D = Time resting spent in this place.
 E = Time spent auto-exploring this place.
 F = Levels seen in this place.
 G = Mean time per level.
                   A        B        C        D        E       F      G
               +--------+--------+--------+--------+--------+-----+--------+
         Total |   3997 |   3936 |     61 |    507 |   2836 |   4 |  999.2 |
       Dungeon |   3997 |   3936 |     61 |    507 |   2836 |   4 |  999.2 |
               +--------+--------+--------+--------+--------+-----+--------+

Top non-repeatable levels by time:
     D:2: 1406 daAuts
     D:1: 1098 daAuts
     D:3: 1063 daAuts
     D:4: 429 daAuts
